 Dungeon Crawl Stone Soup version 0.25.1-2-g60ff931df9 (webtiles) character file.

Game seed: 14121631272145223784

10502 gbos the Severer (level 11, -20/100 HPs)
             Began as a Deep Dwarf Fighter on Nov 16, 2020.
             Was a Priest of Ru.
             Demolished by a large abomination (28 damage)
             ... on level 1 of the Abyss.
             The game lasted 00:01:41 (7440 turns).

gbos the Severer (Deep Dwarf Fighter)               Turns: 7440, Time: 00:01:41

Health: -20/100    AC: 14    Str: 21 (23) XL:     11   Next: 37%
Magic:  6/6        EV:  7    Int:  8 (9)  God:    Ru [***...]
Gold:   457        SH:  0    Dex: 11 (12) Spells: 17/17 levels left

rFire    . . .     SeeInvis +   Y - +4 battleaxe
rCold    . . .     Gourm    .   (shield currently unavailable)
rNeg     . . .     Faith    .   g - +0 chain mail
rPois    .         Spirit   .   c - +2 hat
rElec    .         Reflect  .   r - +2 cloak
rCorr    .         Harm     .   (no gloves)
MR       +....                  (no boots)
Stlth    ..........             (no amulet)
HPRegen  0.00/turn              f - ring of see invisible
MPRegen  0.10/turn              (no ring)

@: about to teleport, afraid, non-regenerating, slowed, very heavily drained,
very slow
A: damage resistance, heal wounds, sense surroundings 2, hated by all, inability
to train dodging, no regeneration
a: Heal Wounds, Draw Out Power, Renounce Religion


You were on level 1 of the Abyss.
You worshipped Ru.
Ru was most pleased with you.
You were not hungry.

You visited 3 branches of the dungeon, and saw 12 of its levels.
You visited the Abyss 1 time.

You collected 457 gold pieces.


Innate Abilities, Weirdness & Mutations

You are resistant to damage.
You can heal yourself by infusing magical energy.
You passively map the area around you.
You are hated by all.
You cannot train Dodging skill.
You do not regenerate.


   Skills:
 + Level 7.0(3.6) Fighting
 - Level 15.0(10.9) Axes
 - Level 8.0(4.5) Armour
   Level 0.0 Dodging
   Level 3.2(0.2) Shields
 - Level 3.5(0.4) Spellcasting


You had 17 spell levels left.
You didn't know any spells.
Your spell library was empty.

Inventory:

Hand Weapons
 l - a +0 morningstar
 o - a +0 dire flail
 Y - a +4 battleaxe (weapon)
Missiles
 j - 17 boomerangs (quivered)
Armour
 b - a +1 plate armour of cold resistance
 c - a +2 hat (worn)
 g - a +0 chain mail (worn)
 i - a +0 hat of see invisible
 r - a +2 cloak (worn)
Jewellery
 f - a ring of see invisible (left hand)
 h - an uncursed ring of fire
 m - an uncursed ring of ice
 n - an uncursed ring of fire
Wands
 t - a wand of disintegration (6)
Scrolls
 k - 6 scrolls of teleportation
 q - 2 scrolls of amnesia {unknown}
Potions
 d - 2 potions of might
 p - 3 potions of haste
 s - a potion of stabbing {unknown}
 u - a potion of mutation {unknown}
 w - a potion of resistance {unknown}
 x - a potion of ambrosia {unknown}
 z - a potion of cancellation {unknown}
Comestibles
 a - 5 chunks of flesh
 e - 23 rations

Dungeon Overview and Level Annotations

Branches:
Dungeon (10/15)            Temple (1/1) D:5            Lair (1/6) D:10
    Orc (0/2) D:10

Altars:
Ashenzari
Cheibriados
Dithmenos
Elyvilon
Fedhas
Gozag
Hepliaklqana
Kikubaaqudgha
Makhleb
Nemelex Xobeh
Okawaru
Qazlal
Ru
Sif Muna
Trog
Uskayaw
Vehumet
Wu Jian
Xom
Yredelemnul
Zin
The Shining One

Annotations:
D:4 1 runed translucent door
D:6 3 runed translucent doors, marfer's ghost, novice MiBe
Lair:1 Sonja


Message History

The thrashing horror roars!
The eidolon closely misses you. The eidolon hits you.
You feel dopey. The large abomination hits you!!
7439 ||| INVOKING Heal Wounds.
You feel much better.
The eidolon gestures.
The eidolon radiates an aura of fear!
You are terrified of the eidolon!
The large abomination hits you!
You redirect the thrashing horror's attack!
The eidolon hits you. The eidolon drains your vigour!
You feel as though you will be slow longer.
The eidolon hits you. The large abomination hits you!
You focus your will and blind the large abomination in retribution!
7440 ||| INVOKING Heal Wounds.
You fail to use your ability.
The eidolon hits you! The eidolon drains your vigour!
You feel as though you will be slow longer.
The eidolon hits you but does no damage.
The large abomination hits you!!
You die...

.##..##.###. .
#....$#. ... ..
....... ... #.#
#..#...#.#
##..##..##..##
...............
.......X.......
##..##.X##..##.
# # #.#W@#..# .
#.##.###X.
..##. ..
#..#.## . #
##.. #.# #.#.#
## .##. #.## #
..## ... #. ##
.}.. . . ... .


You could see an eidolon (scary), a thrashing horror and a large abomination
(blind).

Vanquished Creatures
  Gastronok (Lair:1)
  A hydra (D:10)
  A two-headed ogre (D:8)
  A black mamba (D:10)
  A komodo dragon (D:10)
  A tengu conjurer (D:10)
  Grinder (D:4)
  A hornet (D:9)
  2 hippogriffs
  3 yaks (D:9)
  A basilisk (Lair:1)
  A hungry ghost (D:7)
  3 water moccasins (D:10)
  10 orc warriors
  An eye of draining (D:9)
  A sky beast (D:5)
  4 ogres
  2 phantoms
  2 centaurs (D:9)
  6 crocodiles
  Blork the orc (D:6)
  3 bullfrogs
  A gnoll sergeant (D:8)
  9 killer bees
  5 wights (D:6)
  2 howler monkeys
  A centaur zombie (D:10)
  2 quasits (D:9)
  6 crimson imps
  A centaur skeleton (D:9)
  8 hounds
  A jelly (D:10)
  A gnoll shaman (D:9)
  8 orc priests
  15 orc wizards
  6 bullfrog skeletons
  An iguana (D:8)
  3 worker ants
  2 worker ant zombies
  A howler monkey zombie (D:10)
  17 gnolls
  8 adders
  2 shadow imps
  An ufetubus (Abyss:1)
  2 oozes
  3 worms
  An adder skeleton (D:5)
  A dart slug (D:1)
  3 leopard geckos
  59 orcs
  5 bats
  5 giant cockroaches
  8 goblins
  6 hobgoblins
  6 jackals
  3 quokkas
  3 frilled lizards
  6 kobolds
  A leopard gecko skeleton (D:6)
  A quokka zombie (D:6)
  7 rats
  9 plants (D:10)
278 creatures vanquished.

Vanquished Creatures (others)
  An orc wizard (D:9)
1 creature vanquished.

Grand Total: 279 creatures vanquished

Notes
Turn   | Place    | Note
-------+----------+-------------------------------------------
     0 | D:1      | gbos the Deep Dwarf Fighter began the quest for the Orb.
     0 | D:1      | Reached XP level 1. HP: 20/20 MP: 1/1
     0 | D:1      | 0 ||| counter = 96
    51 | D:1      | Reached skill level 3 in Axes
    51 | D:1      | Reached XP level 2. HP: 27/27 MP: 2/2
   196 | D:1      | Reached skill level 1 in Dodging
   673 | D:1      | 673 ||| READING scroll labeled PUCSOTHR YCEMN.
   678 | D:1      | 678 ||| READING 4 scrolls labeled UMAQIE QEGOXU.
   679 | D:1      | 679 ||| READING scroll labeled QEPNOSH PANGY.
   680 | D:1      | 680 ||| READING scroll labeled OKKUJA MADDIT.
   681 | D:1      | 681 ||| READING scroll labeled AZIUTU XIRIREM.
   682 | D:1      | 682 ||| DRINKING 2 fuming pink potions.
   709 | D:2      | 709 ||| DROPPING +0 club.
   781 | D:2      | Reached XP level 3. HP: 33/33 MP: 3/3
   839 | D:2      | Reached skill level 4 in Axes
   892 | D:2      | Reached XP level 4. HP: 37/40 MP: 4/4
  1397 | D:2      | 1397 ||| READING scroll labeled OMAUVITSYIKK.
  1398 | D:2      | 1398 ||| READING 2 scrolls labeled CIATZIVIOTZ.
  1399 | D:2      | 1399 ||| DRINKING 2 lumpy yellow potions.
  1400 | D:2      | 1400 ||| READING 3 scrolls of identify.
  1400 | D:2      | 1400 ||| IDENTIFYING amethyst potion
  1401 | D:2      | 1401 ||| DROPPING potion of brilliance.
  1402 | D:2      | 1402 ||| DROPPING scroll of magic mapping.
  1403 | D:2      | 1403 ||| DROPPING potion of flight.
  1411 | D:3      | 1411 ||| STAIRDANCE
  1414 | D:2      | Reached skill level 5 in Axes
  1637 | D:3      | 1637 ||| DRINKING potion of heal wounds.
  1665 | D:3      | Reached XP level 5. HP: 28/46 MP: 5/5
  1739 | D:3      | 1739 ||| DROPPING +0 whip.
  2072 | D:3      | 2072 ||| UPGRADING to +0 chain mail.
  2082 | D:3      | 2082 ||| DROPPING +0 scale mail.
  2083 | D:3      | 2083 ||| READING 2 scrolls of identify.
  2083 | D:3      | 2083 ||| IDENTIFYING tubular bronze ring
  2084 | D:3      | 2084 ||| DROPPING ring of wizardry.
  2123 | D:4      | Reached skill level 6 in Axes
  2159 | D:4      | Noticed Grinder
  2161 | D:4      | 2161 ||| INVOKING Heal Wounds.
  2185 | D:4      | 2185 ||| INVOKING Heal Wounds.
  2186 | D:4      | Paralysed by Grinder for 2 turns
  2191 | D:4      | 2191 ||| INVOKING Heal Wounds.
  2192 | D:4      | Paralysed by Grinder for 2 turns
  2196 | D:4      | Killed Grinder
  2196 | D:4      | Reached skill level 8 in Axes
  2196 | D:4      | Reached XP level 6. HP: 43/55 MP: 5/5
  2237 | D:4      | Reached skill level 3 in Fighting
  2263 | D:4      | Reached XP level 7. HP: 38/62 MP: 6/6
  2287 | D:4      | Found a runed translucent door.
  2287 | D:4      | Noticed a human
  2295 | D:4      | Found a basalt altar of Yredelemnul.
  2789 | D:4      | 2789 ||| UPGRADING to plate armour.
  2799 | D:4      | 2799 ||| DROPPING +0 chain mail.
  2800 | D:4      | 2800 ||| UPGRADING to cloak.
  2805 | D:4      | 2805 ||| READING scroll of enchant armour.
  2805 | D:4      | 2805 ||| ENCHANTING +0 cloak.
  2806 | D:4      | 2806 ||| READING scroll labeled KEROEF BOASS.
  2807 | D:4      | 2807 ||| DRINKING 2 golden potions.
  2808 | D:4      | 2808 ||| READING 2 scrolls of identify.
  2808 | D:4      | 2808 ||| IDENTIFYING sedimented white potion
  2809 | D:4      | 2809 ||| DROPPING potion of berserk rage.
  2837 | D:5      | Entered Level 5 of the Dungeon
  2849 | D:5      | 2849 ||| INVOKING Heal Wounds.
  2857 | D:5      | Reached skill level 9 in Axes
  2860 | D:5      | 2860 ||| INVOKING Heal Wounds.
  2866 | D:5      | 2866 ||| INVOKING Heal Wounds.
  2893 | D:5      | 2893 ||| DROPPING +0 flail.
  3118 | D:5      | Found a staircase to the Ecumenical Temple.
  3126 | Temple   | Entered the Ecumenical Temple
  3127 | Temple   | 3127 ||| Entered T.
  3144 | Temple   | Became a worshipper of Ru the Awakened
  3291 | Temple   | 3291 ||| UPGRADING to shiny chain mail.
  3301 | Temple   | 3301 ||| DRINKING 2 viscous purple potions.
  3302 | Temple   | 3302 ||| READING 2 scrolls of identify.
  3302 | Temple   | 3302 ||| IDENTIFYING garnet ring
  3303 | Temple   | 3303 ||| READING scroll of identify.
  3303 | Temple   | 3303 ||| IDENTIFYING thin copper amulet
  3304 | Temple   | 3304 ||| DROPPING amulet of faith.
  3428 | D:5      | Found an ancient bone altar of Kikubaaqudgha.
  3517 | D:5      | 3517 ||| DRINKING 2 silvery potions.
  3518 | D:5      | 3518 ||| DROPPING potion of degeneration.
  3543 | D:6      | Noticed Blork the orc
  3552 | D:6      | 3552 ||| DRINKING potion of heal wounds.
  3565 | D:6      | 3565 ||| INVOKING Heal Wounds.
  3569 | D:6      | 3569 ||| INVOKING Heal Wounds.
  3570 | D:6      | Killed Blork the orc
  3570 | D:6      | Reached skill level 1 in Spellcasting
  3570 | D:6      | Reached XP level 8. HP: 66/69 MP: 5/7
  3576 | D:6      | 3576 ||| EATING 11 rations.
  3690 | D:6      | 3690 ||| INVOKING Heal Wounds.
  3702 | D:6      | Noticed marfer's ghost (novice MiBe)
  3725 | D:6      | Found a runed translucent gate.
  3725 | D:6      | Found a runed translucent gate.
  3725 | D:6      | Found a runed translucent gate.
  3809 | D:6      | Reached skill level 10 in Axes
  4202 | D:6      | 4202 ||| REMOVING +0 kite shield.
  4207 | D:6      | 4207 ||| SWAPPING to +4 battleaxe.
  4208 | D:6      | 4208 ||| DROPPING +1 war axe.
  4209 | D:6      | 4209 ||| DROPPING +0 kite shield.
  4235 | D:7      | 4235 ||| STAIRDANCE
  4294 | D:7      | 4294 ||| INVOKING Heal Wounds.
  4298 | D:7      | Reached skill level 11 in Axes
  4299 | D:7      | 4299 ||| EATING 12 rations.
  4330 | D:7      | 4330 ||| INVOKING Sacrifice Nimbleness.
  4330 | D:7      | Gained mutation: You cannot train Dodging skill. [Ru
                  | sacrifice]
  4330 | D:7      | Reached * piety under Ru
  4331 | D:7      | 4331 ||| READING scroll of enchant armour.
  4331 | D:7      | 4331 ||| ENCHANTING +1 cloak.
  4608 | D:7      | 4608 ||| UPGRADING to runed hat.
  4613 | D:7      | 4613 ||| READING scroll of identify.
  4613 | D:7      | 4613 ||| IDENTIFYING encrusted granite ring
  4651 | D:8      | Gained mutation: You passively map the area around you.
                  | [Deep Dwarf growth]
  4651 | D:8      | Reached XP level 9. HP: 66/79 MP: 9/9
  4665 | D:8      | 4665 ||| DROPPING +2 flail of protection.
  4712 | D:8      | 4712 ||| INVOKING Heal Wounds.
  4780 | D:8      | 4780 ||| INVOKING Heal Wounds.
  4816 | D:8      | 4816 ||| INVOKING Heal Wounds.
  4817 | D:8      | 4817 ||| INVOKING Heal Wounds.
  4818 | D:8      | 4818 ||| INVOKING Heal Wounds.
  4821 | D:8      | 4821 ||| INVOKING Heal Wounds.
  4825 | D:8      | 4825 ||| INVOKING Heal Wounds.
  4826 | D:8      | 4826 ||| INVOKING Heal Wounds.
  4828 | D:8      | 4828 ||| INVOKING Heal Wounds.
  4831 | D:8      | 4831 ||| INVOKING Heal Wounds.
  4873 | D:8      | 4873 ||| INVOKING Heal Wounds.
  4942 | D:8      | 4942 ||| READING scroll of enchant armour.
  4942 | D:8      | 4942 ||| ENCHANTING +1 hat.
  4964 | D:8      | Reached skill level 12 in Axes
  5120 | D:9      | Noticed a two-headed ogre
  5125 | D:9      | 5125 ||| STAIRDANCE
  5128 | D:8      | 5128 ||| INVOKING Heal Wounds.
  5130 | D:8      | 5130 ||| INVOKING Heal Wounds.
  5133 | D:8      | Killed a two-headed ogre
  5133 | D:8      | Reached skill level 6 in Armour
  5134 | D:8      | 5134 ||| INVOKING Heal Wounds.
  5141 | D:9      | 5141 ||| STAIRDANCE
  5167 | D:9      | 5167 ||| INVOKING Heal Wounds.
  5171 | D:9      | 5171 ||| INVOKING Heal Wounds.
  5178 | D:9      | Reached skill level 6 in Fighting
  5300 | D:9      | Reached XP level 10. HP: 70/91 MP: 4/8
  5328 | D:9      | 5328 ||| INVOKING Heal Wounds.
  5437 | D:9      | Paralysed by a hornet for 1 turns
  5439 | D:9      | Reached skill level 13 in Axes
  5704 | D:9      | 5704 ||| INVOKING Heal Wounds.
  5918 | D:9      | 5918 ||| READING scroll labeled YFOSES SECKE.
  5919 | D:9      | 5919 ||| UPGRADING to +0 plate armour.
  5929 | D:9      | 5929 ||| UPGRADING to +1 plate armour of cold resistance.
  5939 | D:9      | 5939 ||| DROPPING +0 plate armour.
  5940 | D:9      | 5940 ||| DROPPING +0 chain mail.
  5941 | D:9      | 5941 ||| READING scroll labeled BYCAED NU SUIR.
  5942 | D:9      | 5942 ||| DRINKING 2 fizzy sapphire potions.
  5943 | D:9      | 5943 ||| INVOKING Heal Wounds.
  5989 | D:9      | 5989 ||| DROPPING potion of lignification.
  5998 | D:10     | Entered Level 10 of the Dungeon
  6001 | D:10     | 6001 ||| STAIRDANCE
  6075 | D:10     | Found a staircase to the Lair.
  6164 | D:10     | 6164 ||| INVOKING Sacrifice Love.
  6164 | D:10     | Gained mutation: You are hated by all. [Ru sacrifice]
  6164 | D:10     | Reached ** piety under Ru
  6164 | D:10     | Reached *** piety under Ru
  6208 | D:10     | 6208 ||| INVOKING Draw Out Power.
  6228 | D:10     | 6228 ||| INVOKING Draw Out Power.
  6297 | D:10     | 6297 ||| INVOKING Draw Out Power.
  6321 | D:10     | Found a staircase to the Orcish Mines.
  6329 | D:10     | Reached skill level 14 in Axes
  6404 | D:10     | 6404 ||| INVOKING Draw Out Power.
  6487 | D:10     | 6487 ||| INVOKING Draw Out Power.
  6736 | D:10     | 6736 ||| INVOKING Draw Out Power.
  7012 | D:10     | 7012 ||| UPGRADING to shiny chain mail.
  7022 | D:10     | 7022 ||| READING scroll labeled IJYBUPTA YSTRA.
  7023 | D:10     | 7023 ||| READING scroll of identify.
  7023 | D:10     | 7023 ||| IDENTIFYING iron ring
  7024 | D:10     | 7024 ||| UPGRADING to ring of see invisible.
  7063 | Lair:1   | Entered Level 1 of the Lair of Beasts
  7063 | Lair:1   | Noticed Gastronok
  7063 | Lair:1   | Noticed a black mamba
  7064 | Lair:1   | 7064 ||| Entered L.
  7065 | Lair:1   | 7065 ||| Stepping ~*~*~tactically~*~*~ (water).
  7066 | Lair:1   | 7066 ||| STAIRDANCE
  7083 | Lair:1   | Noticed a four-headed hydra
  7084 | Lair:1   | 7084 ||| STAIRDANCE
  7091 | D:10     | 7091 ||| INVOKING Draw Out Power.
  7093 | D:10     | 7093 ||| DRINKING potion of heal wounds.
  7094 | D:10     | Killed a black mamba
  7095 | D:10     | 7095 ||| DRINKING potion of curing.
  7095 | D:10     | 7095 ||| (to cure poison)
  7106 | D:10     | 7106 ||| INVOKING Draw Out Power.
  7127 | Lair:1   | 7127 ||| STAIRDANCE
  7129 | D:10     | 7129 ||| SWAPPING to +0 dire flail.
  7130 | D:10     | 7130 ||| Stepping ~*~*~tactically~*~*~ (outnumbered).
  7136 | D:10     | 7136 ||| INVOKING Draw Out Power.
  7137 | D:10     | Killed a four-headed hydra
  7137 | D:10     | Reached XP level 11. HP: 62/100 MP: 8/8
  7138 | D:10     | 7138 ||| SWAPPING to +4 battleaxe.
  7151 | D:10     | 7151 ||| INVOKING Draw Out Power.
  7152 | D:10     | 7152 ||| INVOKING Heal Wounds.
  7166 | Lair:1   | 7166 ||| STAIRDANCE
  7171 | D:10     | 7171 ||| INVOKING Draw Out Power.
  7173 | D:10     | 7173 ||| INVOKING Heal Wounds.
  7174 | D:10     | 7174 ||| INVOKING Heal Wounds.
  7178 | D:10     | 7178 ||| INVOKING Heal Wounds.
  7179 | D:10     | 7179 ||| INVOKING Heal Wounds.
  7182 | D:10     | 7182 ||| INVOKING Heal Wounds.
  7185 | D:10     | 7185 ||| INVOKING Heal Wounds.
  7192 | Lair:1   | 7192 ||| Stepping ~*~*~tactically~*~*~ (water).
  7194 | Lair:1   | 7194 ||| Stepping ~*~*~tactically~*~*~ (water).
  7223 | Lair:1   | 7223 ||| INVOKING Draw Out Power.
  7228 | Lair:1   | Killed Gastronok
  7228 | Lair:1   | Reached skill level 3 in Spellcasting
  7239 | Lair:1   | 7239 ||| INVOKING Draw Out Power.
  7268 | Lair:1   | 7268 ||| Stepping ~*~*~tactically~*~*~ (water).
  7270 | Lair:1   | 7270 ||| Stepping ~*~*~tactically~*~*~ (water).
  7282 | Lair:1   | 7282 ||| Stepping ~*~*~tactically~*~*~ (water).
  7292 | Lair:1   | 7292 ||| INVOKING Draw Out Power.
  7317 | Lair:1   | Reached skill level 15 in Axes
  7318 | Lair:1   | 7318 ||| INVOKING Draw Out Power.
  7359 | Lair:1   | 7359 ||| UPGRADING to morningstar.
  7360 | Lair:1   | 7360 ||| READING scroll of remove curse.
  7361 | Lair:1   | 7361 ||| SWAPPING to +4 battleaxe.
  7362 | Lair:1   | Noticed Sonja
  7366 | Lair:1   | Cast into level 1 of the Abyss (Sonja)
  7411 | Abyss:1  | Noticed an eidolon
  7421 | Abyss:1  | 7421 ||| INVOKING Draw Out Power.
  7422 | Abyss:1  | 7422 ||| INVOKING Heal Wounds.
  7424 | Abyss:1  | 7424 ||| INVOKING Heal Wounds.
  7425 | Abyss:1  | 7425 ||| INVOKING Heal Wounds.
  7427 | Abyss:1  | Noticed a thrashing horror
  7429 | Abyss:1  | 7429 ||| INVOKING Heal Wounds.
  7431 | Abyss:1  | 7431 ||| INVOKING Heal Wounds.
  7433 | Abyss:1  | 7433 ||| INVOKING Heal Wounds.
  7434 | Abyss:1  | 7434 ||| INVOKING Heal Wounds.
  7435 | Abyss:1  | 7435 ||| READING 7 scrolls of teleportation.
  7437 | Abyss:1  | HP: 24/100 [eidolon/bolt of negative energy (10)]
  7438 | Abyss:1  | 7438 ||| INVOKING Heal Wounds.
  7439 | Abyss:1  | 7439 ||| INVOKING Heal Wounds.
  7440 | Abyss:1  | 7440 ||| INVOKING Heal Wounds.
  7440 | Abyss:1  | HP: 8/100 [eidolon (10)]
  7440 | Abyss:1  | Demolished by a large abomination

Levels and vault maps discovered:
D:1:      dpeg_arrival_rhombus, layout_basic
D:2:      layout_loops_ring, first_ration
D:3:      layout_basic
D:4:      layout_loops_ring, dk_yredelemnul_ordeal, uniq_grinder
D:5:      layout_rooms, lemuel_round_altar, minmay_temple_entry_glassed_door
D:6:      layout_loops_ring, gammafunk_ghost_icy, small_statue_intersection,
          uniq_blork_the_orc
D:7:      layout_rooms
D:8:      minmay_general_purpose_star, layout_rooms, serial_shops, shop
D:9:      layout_basic
D:10:     layout_cave_pods, dpeg_oklobed_lair, hiddenorc2_lemuel,
          grunt_tengu_nest, minmay_quadrilaterals
Temple:   minmay_crystal_snake_temple
Lair:1:   layout_big_grid, st_stairs_12, infiniplex_staircase_pool_2,
          uniq_gastronok, uniq_sonja
Abyss:1:  base:
Temple

Skill      XL: |  1  2  3  4  5  6  7  8  9 10 11 |
---------------+----------------------------------+-----
Axes           | 3 4 5 8 9 11 12 14 15 | 15.0
Dodging        | 1 2 0 |  0.0
Fighting       | 3 4 6 7 |  7.0
Armour         | 4 6 8 |  8.0
Spellcasting   | 1 2 3 |  3.5
Shields        | |  3.2

Action                   |  1- 3 |  4- 6 |  7- 9 | 10-12 || total
-------------------------+-------+-------+-------+-------++-------
Melee: War axe           |    65 |   185 |   170 |       ||   420
       Battleaxe         |       |       |   153 |   288 ||   441
       Dire flail        |       |       |       |     6 ||     6
Throw: Boomerang         |       |     9 |    66 |    23 ||    98
Invok: Sacrifice Nimblen |       |       |     1 |       ||     1
       Draw Out Power    |       |       |       |    16 ||    16
       Sacrifice Love    |       |       |       |     1 ||     1
 Abil: Heal Wounds       |       |     3 |    21 |    19 ||    43
  Use: Scroll            |     5 |     4 |     8 |     6 ||    23
       Potion            |     1 |     2 |     4 |     3 ||    10
 Stab: Distracted        |       |       |       |     1 ||     1
       Invisible         |       |       |       |     1 ||     1
  Eat: Chunk             |       |     5 |     5 |     7 ||    17
       Ration            |       |       |     2 |       ||     2
Armor: Scale mail        |    18 |    48 |       |       ||    66
       Chain mail        |       |    31 |   227 |   125 ||   383
       Plate armour      |       |       |    91 |    60 ||   151
Dodge: Dodged            |    18 |    43 |   164 |   110 ||   335
Block: Kite shield       |    28 |    87 |   111 |       ||   226
